 Dungeon Crawl Stone Soup version 0.31.0-9-g3a7656b989 (webtiles) character file.

Game seed: 8047672849701489351

74 qw the Shooter (level 4, -8/22 HPs)
             Began as a Spriggan Hunter on Feb 2, 2024.
             Shot with an arrow by a centaur (14 damage)
             ... on level 3 of the Dungeon.
             The game lasted 00:00:04 (1091 turns).

qw the Shooter (Spriggan Hunter)                    Turns: 1091, Time: 00:00:04

Health: -8/22      AC:  3    Str:  7    XL:     4   Next: 10%
Magic:  5/5        EV: 19    Int: 10    God:
Gold:   58         SH:  0    Dex: 20    Spells: 3/3 levels left

rFire   . . .        a - +0 shortbow
rCold   . . .        (shield currently unavailable)
rNeg    . . .        c - +0 robe
rPois   .            (helmet restricted)
rElec   .            h - +0 cloak
rCorr   .            (gloves unavailable)
SInv    +            (boots unavailable)
Will    .....        (no amulet)
Stlth   ++           (no ring)
HPRegen 0.23/turn    (no ring)
MPRegen 0.09/turn

%: no passive effects
@: very quick
A: very small, no large weapons, unfitting armour, see invisible, speed 3
a: no special abilities


You were on level 3 of the Dungeon.
You visited 1 branch of the dungeon, and saw 3 of its levels.

You collected 58 gold pieces.


Innate Abilities, Weirdness & Mutations

You are very small and have problems with some larger weapons.
You are too small for most types of armour.
You have supernaturally acute eyesight. (SInv)
You cover ground extremely quickly. (Speed+++)


   Skills:
 - Level 1.5 Fighting
 - Level 5.0 Ranged Weapons
 + Level 4.4 Dodging
 - Level 1.5 Stealth


You had 3 spell levels left.
You didn't know any spells.
Your spell library was empty.

Inventory:

Hand Weapons
 a - a +0 shortbow (weapon)
Armour
 c - a +0 robe (worn)
 h - a +0 cloak (worn)
Scrolls
 d - 2 scrolls of teleportation
Potions
 b - a potion of cancellation
 f - a potion of brilliance {unknown}
 g - a potion of heal wounds {unknown}

Dungeon Overview and Level Annotations

Branches:
Dungeon (3/15)

Altars:

Shops:
D:1 *


Message History

You climb downwards.
Found a robe.
There is a stone staircase leading up here.
An endoplasm is nearby!
Waypoint 2 assigned to D:3.
You shoot an arrow.
The arrow completely misses the endoplasm.
You shoot an arrow. The endoplasm quivers.
The arrow hits the endoplasm.
The endoplasm is heavily wounded.
You shoot an arrow. The arrow hits the endoplasm!
You kill the endoplasm!
There is a stone staircase leading up here.
A kobold comes into view. It is wielding a +0 club.
You shoot an arrow. The arrow barely misses the kobold.
The kobold shouts!
You shoot an arrow. The arrow closely misses the kobold.
You shoot an arrow. The arrow hits the kobold.
The kobold is moderately wounded.
You shoot an arrow. The arrow hits the kobold!
You kill the kobold!
A centaur comes into view.
You shoot an arrow. The arrow closely misses the centaur.
The centaur wields a +0 shortbow.
The centaur shoots an arrow.
The arrow completely misses you.
The centaur shoots an arrow.
The arrow closely misses you.
You shoot an arrow. The arrow hits the centaur!
The centaur is heavily wounded.
You shoot an arrow.
The arrow hits the centaur but does no damage.
The centaur is heavily wounded.
The centaur shoots an arrow.
The arrow hits you!
The centaur shoots an arrow.
The arrow completely misses you.
1090 ||| FLEEEEING.
There is a stone staircase leading up here.
1091 ||| STAIRDANCE The centaur shoots an arrow.
The arrow hits you!
The centaur shoots an arrow.
The arrow hits you!
Ouch! That really hurt!
You die...

#. P....#
#.7 7....#
...#....#
#.#....#
......# .
#....# ...
#....#.....
#..........
#.@####....
#......[##
. ###...###
#..) ....
..c.. ###.
#.


You could see a centaur.

Vanquished Creatures
  2 adders (D:2)
  A dart slug (D:1)
  6 ball pythons
  5 endoplasms
  2 giant cockroaches
  8 hobgoblins
  4 jackals (D:2)
  2 quokkas
  8 bats
  A frilled lizard (D:1)
  3 goblins (D:2)
  A kobold (D:3)
  6 rats
49 creatures vanquished.

Notes
Turn   | Place    | Note
-------+----------+-------------------------------------------
     0 | D:1      | qw the Spriggan Hunter began the quest for the Orb.
     0 | D:1      | Reached XP level 1. HP: 10/10 MP: 2/2
     0 | D:1      | 0 ||| qw: Version: 0.3-a-155-g5e7d8dd
     0 | D:1      | 0 ||| qw: Game counter: 1772
     0 | D:1      | 0 ||| qw: Melee chars always use a shield: true
     0 | D:1      | 0 ||| qw: God list: Okawaru
     0 | D:1      | 0 ||| qw: Allow faded altars: false
     0 | D:1      | 0 ||| qw: Do Orc after clearing Dungeon:15 true
     0 | D:1      | 0 ||| qw: Do second Lair branch before Depths: true
     0 | D:1      | 0 ||| qw: Lair rune preference: random
     0 | D:1      | 0 ||| qw: Goals: Normal
     0 | D:1      | 0 ||| PLANNING D:1-11
     7 | D:1      | Found Simuvepn's Assorted Antiques.
    17 | D:1      | 17 ||| SHOPLISTING jewelled silver wand (124 gold, have 0).
    17 | D:1      | 17 ||| SHOPLISTING scroll labelled BAULIBL IVESHEAQ (31
                  | gold, have 0).
    17 | D:1      | 17 ||| SHOPLISTING scroll labelled DUNKU PIFUAXTO (31 gold,
                  | have 0).
    17 | D:1      | 17 ||| SHOPLISTING scroll labelled WUTOLA AFOINUOLU (31
                  | gold, have 0).
    17 | D:1      | 17 ||| SHOPLISTING small cabochon ring (155 gold, have 0).
    22 | D:1      | Reached skill level 3 in Dodging
   100 | D:1      | Reached XP level 2. HP: 14/14 MP: 3/3
   576 | D:1      | Reached XP level 3. HP: 18/18 MP: 4/4
   677 | D:1      | 677 ||| DROPPING scarf of shadows.
   678 | D:1      | 678 ||| READING 2 scrolls labelled VYAROR WADEFE.
   683 | D:1      | 683 ||| DROPPING scroll of butterflies.
   978 | D:2      | Reached skill level 5 in Ranged Weapons
  1000 | D:2      | Reached XP level 4. HP: 22/22 MP: 5/5
  1061 | D:2      | 1061 ||| UPGRADING to +0 cloak.
  1066 | D:2      | 1066 ||| READING scroll labelled ABAXIRPHULO.
  1066 | D:2      | 1066 ||| IDENTIFYING viscous golden potion
  1067 | D:2      | 1067 ||| DRINKING 2 glowing green potions.
  1068 | D:2      | 1068 ||| DROPPING potion of degeneration.
  1086 | D:3      | Noticed a centaur
  1090 | D:3      | 1090 ||| FLEEEEING.
  1091 | D:3      | 1091 ||| STAIRDANCE
  1091 | D:3      | Shot with an arrow by a centaur

Levels and vault maps discovered:
D:1:      dpeg_arrival_stone_temple_mockup, layout_basic, serial_shops, shop,
          minmay_cut_off
D:2:      layout_basic
D:3:      layout_rooms, lemuel_doored_altar, serial_bayou,
          serial_bayou_crossing, serial_bayou_pond_e, serial_bayou_pond_e,
          serial_bayou_pond_e, cheibrodos_gnoll_hut, uniq_ijyb, uniq_grinder,
          uniq_robin

Skill      XL: |  1  2  3 |
---------------+----------+-----
Dodging        | 3 4 |  4.4
Ranged Weapons | 5 |  5.0
Fighting       | |  1.5
Stealth        | |  1.5

Action                     |  1- 3 |  4- 6 || total
---------------------------+-------+-------++-------
   Fire: Shortbow          |   112 |    12 ||   124
    Use: Scroll            |     1 |     1 ||     2
         Potion            |       |     1 ||     1
 Armour: Robe              |    12 |     3 ||    15
  Dodge: Dodged            |    38 |     3 ||    41

Table legend:
 A = Non-vault XP
 B = Vault XP
 C = Vault XP percentage of total XP
 D = Non-vault monster count
 E = Vault monster count
 F = Vault count percentage of total count
                 A         B        C        D         E       F
            +---------+---------+-------+---------+---------+-------
      Total |      97 |      10 |   9.3 |      44 |       5 |  10.2
            +---------+---------+-------+---------+---------+-------
        D:1 |      33 |      10 |  23.3 |      19 |       5 |  20.8
        D:2 |      61 |       0 |   0.0 |      23 |       0 |   0.0
        D:3 |       3 |       0 |   0.0 |       2 |       0 |   0.0
            +---------+---------+-------+---------+---------+-------
